 Dungeon Crawl Stone Soup version 0.27-a0-448-gace5c5693b (console) character file.

Game seed: 17547088661268950253

14874 jejorda2 the Basher (level 11, -2/84 HPs)
             Began as a Black Draconian Conjurer on Feb 27, 2021.
             Was a Follower of Ashenzari.
             Slain by a sixfirhy (10 damage)
             ... in a Gauntlet.
             The game lasted 00:59:41 (15245 turns).

jejorda2 the Basher (Black Draconian Conjurer)     Turns: 15245, Time: 00:59:41

Health: -2/84      AC: 14    Str:  9    XL:     11   Next: 94%
Magic:  14/25      EV: 12    Int: 29    God:    Ashenzari [*.....]
Gold:   654        SH:  5    Dex: 10    Spells: 10/30 levels left

rFire    . . .     SeeInvis .   v - +0 morningstar (vorpal)
rCold    . . .     Faith    .   r - +0 buckler
rNeg     . . .     Spirit   .   (armour unavailable)
rPois    .         Reflect  .   n - +1 hat of Ashenzari's Negligence {Sbl, Shld} (curse)
rElec    +         Harm     .   q - +2 cloak
rCorr    .         Rampage  .   s - +1 pair of gloves
Will     .....     NoTele   +   e - +0 pair of boots
Stlth    ++........             (no amulet)
HPRegen  0.24/turn              y - ring of wizardry
MPRegen  0.19/turn              c - ring of the Tethered Moon {rElec Int+7 Slay+4, Slng, Hex} (curse)

@: no status effects
A: breathe lightning, unfitting armour, electricity resistance, cold-blooded, AC
+7
a: Breathe Lightning, Renounce Religion, Shatter the Chains


You were in a Gauntlet.
You worshipped Ashenzari.
Ashenzari was aware of your devotion.
You visited 3 branches of the dungeon, and saw 12 of its levels.
You also visited: Gauntlet.

You collected 654 gold pieces.

Inventory:

Hand Weapons
 a - a +2 whip of electrocution
 v - a +0 vorpal morningstar (weapon)
Missiles
 d - 35 poisoned darts (quivered)
 h - 356 stones
Armour
 b - a +2 pair of gloves of archery
 e - a +0 pair of boots (worn)
 n - the cursed +1 hat of Ashenzari's Negligence (worn) {Sbl, Shld}
   (You took it off Gastronok on level 1 of the Lair of Beasts)

   It has a curse placed upon it.
 q - a +2 cloak (worn)
 r - a +0 buckler (worn)
 s - a +1 pair of gloves (worn)
Jewellery
 c - the cursed ring of the Tethered Moon (right hand) {rElec Int+7 Slay+4, Slng, Hex}
   (You acquired it on level 6 of the Dungeon)

   [ring of slaying]

   It affects your intelligence (+7).
   It affects your accuracy and damage with ranged weapons and melee attacks
   (+4).
   It insulates you from electricity.
   It has a curse placed upon it.
 u - a ring of fire
 y - a ring of wizardry (left hand)
Wands
 g - a wand of charming (6)
Scrolls
 j - 5 scrolls of amnesia
 l - 3 scrolls of teleportation
 x - 4 scrolls of fog
Potions
 f - 2 potions of curing
 i - 2 potions of resistance
 k - 3 potions of lignification
 m - 2 potions of haste
 o - a potion of brilliance
 p - 2 potions of mutation
 t - 3 potions of attraction
 w - a potion of flight


   Skills:
 - Level 4.0 Fighting
 + Level 11.2 Maces & Flails
 - Level 1.7 Dodging
 - Level 1.7 Stealth
 + Level 4.4(5.7) Shields
 - Level 10.3 Spellcasting
 + Level 8.5 Conjurations
 - Level 4.7(6.0) Hexes
 + Level 1.3 Fire Magic
 + Level 2.8 Evocations


You had 10 spell levels left.
You knew the following spells:

 Your Spells              Type           Power        Failure   Level
a - Magic Dart            Conj           100%         1%          1
b - Searing Ray           Conj           100%         1%          2
c - Iskenderun's Mystic   Conj/Tloc      39%          2%          4
d - Fulminant Prism       Conj/Hex       27%          1%          4
e - Sticky Flame          Conj/Fire      43%          1%          4
f - Fireball              Conj/Fire      21%          6%          5

Your spell library contained the following spells:

 Spells                   Type           Power        Failure   Level
 Foxfire                  Conj/Fire      100%         1%          1
 Conjure Flame            Conj/Fire      43%          1%          3
 Dazzling Flash           Conj/Hex       100%         1%          3
 Inner Flame              Hex/Fire       36%          1%          3


Dungeon Overview and Level Annotations

Branches:
Dungeon (8/15)             Temple (1/1) D:6            Lair (3/6) D:8
  Swamp (0/4) Lair:3      Gauntlet (1/1)
  Snake: Lair:2-4    Spider: Lair:2-4

Altars:
Ashenzari
Dithmenos
Elyvilon
Fedhas
Gozag
Hepliaklqana
Kikubaaqudgha
Makhleb
Nemelex Xobeh
Okawaru
Qazlal
Ru
Sif Muna
Trog
Uskayaw
Vehumet
Xom
Yredelemnul
The Shining One

Annotations:
D:7 2 transporters, dolemite99's ghost, novice MiAK
Lair:2 3 runed translucent doors, sraybest's ghost, journeyman TrMo Gauntlet 9 transporters, 14 runed translucent doors


Innate Abilities, Weirdness & Mutations

You can breathe wild blasts of lightning.
Your glossy black scales are hard. (AC +7)
You cannot fit into any form of body armour.
You are resistant to electric shocks. (rElec)
You are cold-blooded and may be slowed by cold attacks.


Message History

The sixfirhy is lightly wounded.
The sixfirhy is covered in liquid flames!
The sixfirhy burns!
The sixfirhy hits you but does no damage.
The sixfirhy misses you.
The sixfirhy hits you but does no damage.
The sixfirhy hits you! The sixfirhy shocks you. You resist.
The sixfirhy hits you! The sixfirhy shocks you. You resist.
The sixfirhy hits you but does no damage. x2
You block the sixfirhy's attack.
Your fulminant prism crackles loudly.
The sixfirhy barely misses you.
Casting: Sticky Flame (dangerous; 1% risk of failure)
Confirm with . or Enter, or press ? or * to list all spells.
Aiming: Sticky Flame (dangerous; 1% risk of failure)
Press: ? - help, Shift-Dir - straight line, f/p - sixfirhy
Aim: a sixfirhy (moderately wounded, covered in liquid flames, ally target, 0% to evade)
The sticky flame hits the sixfirhy.
The sixfirhy is moderately wounded.
The sixfirhy is covered in liquid flames!
The sixfirhy burns!
You block the sixfirhy's attack.
Your fulminant prism explodes!
The blast of energy engulfs the sixfirhy!!
The sixfirhy is severely wounded.
Unknown command.
The sixfirhy burns!
The sixfirhy burns!
The sixfirhy closely misses you. The sixfirhy completely misses you.
The sixfirhy hits you! The sixfirhy shocks you. You resist.
* * * LOW HITPOINT WARNING * * *
The sixfirhy closely misses you.
The sixfirhy burns!
The sixfirhy hits you but does no damage.
The sixfirhy hits you!
* * * LOW HITPOINT WARNING * * *
The sixfirhy shocks you. You resist.
* * * LOW HITPOINT WARNING * * *
A sixfirhy opens the large door.
The sixfirhy barely misses you. The sixfirhy hits you!
You die...

...©[#.##.§.#...u©)...#..#
#########...###########..###
..........≈....#.©.#.....#8#
........§≈8≈...#...#.8...###
........§.≈....#.©.#.....#
#########...###########..###
#.##.##.#...#..+.©.+..#..#8#
#..#.##.#...#.^+...+^.#..###
....#...#...#++#@#+#++#..#
##©##.###...#..'33.'.3#..###
##.##.###...#..'3..'..#..#8#
........#...#++#...#''#..###
.#####.##...#..#+++#..#..#
.##.#####...#.........#..###
./.©[..B#...#..}=©.?..#..#8#
#########...###########..###
.........................#


You could see 4 sixfirhies.

Vanquished Creatures
  Gastronok (Lair:1)
  A great orb of eyes (Gauntlet)
  Pikel (D:4)
  An ugly thing (Gauntlet)
  3 cane toads
  2 rime drakes (Lair:2)
  5 komodo dragons
  A polar bear (Lair:1)
  Grinder (D:5)
  9 blink frogs (Lair:1)
  2 wyverns (D:8)
  10 yaks
  Sigmund (D:3)
  A basilisk (Lair:1)
  Menkaure (D:5)
  4 water moccasins
  2 ice beasts
  3 orc warriors
  3 black bears
  A necrophage (D:6)
  4 sky beasts
  3 ogres
  3 wolves (Lair:3)
  4 centaurs
  3 phantoms
  3 lemures (D:4)
  3 kobold brigands
  9 bullfrogs
  A water moccasin skeleton (D:7)
  5 scorpions
  4 crimson imps (D:3)
  2 hounds
  A jelly (D:7)
  Crazy Yiuf (D:3)
  8 orc priests
  7 orc wizards
  5 worker ants
  4 iguanas
  A hound zombie (D:6)
  A hound skeleton (D:4)
  Robin (D:4)
  8 gnolls
  4 adders
  A white imp (D:8)
  An ufetubus (D:7)
  2 adder skeletons
  4 worms
  9 leopard geckos
  22 orcs
  9 giant cockroaches
  14 goblins
  3 hobgoblins
  15 jackals
  23 kobolds
  3 quokkas
  A ball python (D:3)
  12 bats
  4 frilled lizards
  2 quokka zombies
  4 rats
  A fulminant prism (Lair:1)
268 creatures vanquished.

Vanquished Creatures (others)
  28 demonic plants (Gauntlet)
  18 fulminant prisms
  3 fungi
  12 plants
61 creatures vanquished.

Grand Total: 329 creatures vanquished

Notes
Turn   | Place    | Note
-------+----------+-------------------------------------------
     0 | D:1      | jejorda2 the Draconian Conjurer began the quest for the
                  | Orb.
     0 | D:1      | Reached XP level 1. HP: 14/14 MP: 3/3
   253 | D:1      | Reached skill level 1 in Fighting
   253 | D:1      | Reached XP level 2. HP: 23/23 MP: 1/5
  1008 | D:2      | Learned a level 2 spell: Searing Ray
  1190 | D:2      | Reached XP level 3. HP: 28/28 MP: 2/6
  1404 | D:2      | Found a basalt altar of Yredelemnul.
  1852 | D:2      | Found a shadowy altar of Dithmenos.
  2004 | D:2      | Reached XP level 4. HP: 36/36 MP: 2/8
  2135 | D:3      | Found an opulent altar of Gozag.
  2278 | D:3      | Found a radiant altar of Vehumet.
  2333 | D:3      | Found a sparkling altar of Nemelex Xobeh.
  2333 | D:3      | Found a stormy altar of Qazlal.
  2568 | D:3      | Found a shimmering altar of Xom.
  2600 | D:3      | Reached skill level 1 in Maces & Flails
  2601 | D:3      | Reached XP level 5. HP: 25/42 MP: 0/9
  2844 | D:3      | Reached skill level 5 in Conjurations
  3257 | D:3      | Reached XP level 6. HP: 51/51 MP: 8/11
  3346 | D:3      | Reached skill level 2 in Maces & Flails
  3515 | D:3      | Found a burning altar of Makhleb.
  3723 | D:3      | Found a runed translucent door.
  3724 | D:3      | Noticed Crazy Yiuf
  3731 | D:3      | Killed Crazy Yiuf
  3830 | D:3      | Noticed Sigmund
  3847 | D:3      | Killed Sigmund
  3848 | D:3      | Your scales start taking on a glossy black colour.
  3848 | D:3      | Reached XP level 7. HP: 50/59 MP: 4/13
  3848 | D:3      | Gained mutation: You are resistant to electric shocks.
                  | (rElec) [Black Draconian growth]
  4108 | D:3      | Learned a level 4 spell: Iskenderun's Mystic Blast
  4144 | D:3      | Reached skill level 3 in Maces & Flails
  4223 | D:4      | Reached skill level 1 in Shields
  5057 | D:4      | Reached XP level 8. HP: 66/66 MP: 10/14
  5170 | D:4      | Noticed Robin
  5175 | D:4      | Killed Robin
  5180 | D:4      | Noticed Pikel
  5210 | D:4      | Killed Pikel
  5211 | D:4      | Reached skill level 4 in Maces & Flails
  5211 | D:4      | Reached skill level 5 in Spellcasting
  5707 | D:5      | Entered Level 5 of the Dungeon
  5766 | D:5      | Found a sacrificial altar of Ru.
  5834 | D:5      | Found a white marble altar of Elyvilon.
  5840 | D:5      | Noticed Grinder
  5843 | D:5      | Paralysed by Grinder for 4 turns
  5848 | D:5      | Killed Grinder
  5965 | D:5      | Reached skill level 5 in Maces & Flails
  6228 | D:5      | Noticed Menkaure
  6233 | D:5      | Killed Menkaure
  6234 | D:5      | Reached XP level 9. HP: 58/71 MP: 12/17
  6424 | D:5      | Found an opulent altar of Gozag.
  6743 | D:6      | Found a staircase to the Ecumenical Temple.
  6781 | Temple   | Entered the Ecumenical Temple
  6898 | Temple   | Became a worshipper of Ashenzari the Shackled
  7395 | D:6      | Reached skill level 6 in Maces & Flails
  7478 | D:6      | Identified a scroll of acquirement
  7482 | D:6      | Acquired the ring of Xom's Flight of Fancy {rElec Int+7
                  | Slay+4}
  8082 | D:7      | Reached skill level 7 in Maces & Flails
  8701 | D:7      | Found a transporter.
  8710 | D:7      | Found a transporter.
  8710 | D:7      | Noticed dolemite99's ghost (novice MiAK)
  8710 | D:7      | Noticed a deep elf pyromancer
  8716 | D:7      | Noticed a wizard
  9186 | D:8      | Identified the +2 robe of Weirdness {Will+}
  9249 | D:8      | Reached XP level 10. HP: 70/78 MP: 17/21
  9302 | D:8      | Reached skill level 8 in Maces & Flails
  9443 | D:8      | Found a staircase to the Lair.
 10401 | D:8      | Reached skill level 9 in Maces & Flails
 10619 | Lair:1   | Entered Level 1 of the Lair of Beasts
 10957 | Lair:1   | Reached skill level 10 in Maces & Flails
 11105 | Lair:1   | Reached XP level 11. HP: 79/84 MP: 16/24
 11110 | Lair:1   | Learned a level 4 spell: Fulminant Prism
 11191 | Lair:1   | Reached skill level 1 in Hexes
 11620 | Lair:1   | Noticed Gastronok
 11693 | D:8      | Reached skill level 10 in Spellcasting
 12365 | Lair:1   | Killed Gastronok
 12694 | Lair:1   | Reached skill level 1 in Evocations
 13295 | Lair:2   | Reached skill level 11 in Maces & Flails
 13540 | Lair:2   | Found a runed translucent gate.
 13540 | Lair:2   | Found a runed translucent gate.
 13565 | Lair:2   | Found a runed translucent gate.
 13591 | Lair:2   | Reached * piety under Ashenzari
 13591 | Lair:2   | Identified the cursed +1 hat of Ashenzari's Negligence
                  | {Sbl, Shld} (You took it off Gastronok on level 1 of the
                  | Lair of Beasts)
 13888 | Lair:2   | Learned a level 4 spell: Sticky Flame
 13894 | Lair:2   | Learned a level 5 spell: Fireball
 14088 | Lair:2   | Noticed an 11-headed hydra
 14088 | Lair:2   | Noticed sraybest's ghost (journeyman TrMo)
 14089 | Lair:2   | Identified the +6 broad axe of the Twisting Jester {vorpal,
                  | +Blink Will+ Str+2 Dex-5}
 14585 | Lair:3   | Found a staircase to the Swamp.
 14701 | Lair:3   | Found a gate leading to a gauntlet.
 14710 | Gauntlet | Entered a Gauntlet
 14710 | Gauntlet | Found a transporter.
 14710 | Gauntlet | Found a transporter.
 14710 | Gauntlet | Found a transporter.
 14710 | Gauntlet | Noticed a great orb of eyes
 14710 | Gauntlet | Noticed a red ugly thing
 14714 | Gauntlet | Noticed a brown ugly thing
 14811 | Gauntlet | Found a transporter.
 14822 | Gauntlet | Identified the +5 short sword "Mediynirgh" {vamp, +Fly
                  | Will+}
 14823 | Gauntlet | Found a transporter.
 14836 | Gauntlet | Found a transporter.
 14846 | Gauntlet | Found a transporter.
 14861 | Gauntlet | Found a transporter.
 14867 | Gauntlet | Found a transporter.
 14869 | Gauntlet | Identified the -6 helmet of Sorcery {Rampage rC+}
 14869 | Gauntlet | Noticed a death scarab
 14877 | Gauntlet | Found a large runed translucent door.
 14877 | Gauntlet | Noticed a sixfirhy
 14877 | Gauntlet | Noticed a sixfirhy
 14878 | Gauntlet | Found a large runed translucent door.
 14878 | Gauntlet | Noticed a sixfirhy
 14879 | Gauntlet | Found a large runed translucent door.
 14879 | Gauntlet | Found a large runed translucent door.
 14880 | Gauntlet | Found a runed translucent gate.
 14881 | Gauntlet | Identified the ring of Vymyemuj {rC+ Will+ Str-5 Int+2}
 14881 | Gauntlet | Found a large runed translucent door.
 14881 | Gauntlet | Found a large runed translucent door.
 14881 | Gauntlet | Found a runed translucent door.
 14882 | Gauntlet | Found a large runed translucent door.
 14883 | Gauntlet | Found a large runed translucent door.
 14883 | Gauntlet | Noticed a sixfirhy
 14914 | Gauntlet | Found a transporter.
 14914 | Gauntlet | Found a runed translucent gate.
 14914 | Gauntlet | Found a transporter.
 14915 | Gauntlet | Found a runed translucent door.
 14915 | Gauntlet | Found a runed translucent gate.
 14915 | Gauntlet | Found a transporter.
 14924 | Gauntlet | Found a large runed translucent door.
 14924 | Gauntlet | Found a large runed translucent door.
 14925 | Gauntlet | Found a large runed translucent door.
 14926 | Gauntlet | Found a large runed translucent door.
 14935 | Gauntlet | Found a large runed translucent door.
 14935 | Gauntlet | Found a large runed translucent door.
 14936 | Gauntlet | Found a large runed translucent door.
 14937 | Gauntlet | Found a large runed translucent door.
 14983 | Gauntlet | Killed a red ugly thing
 14984 | Gauntlet | Reached skill level 1 in Fire Magic
 14985 | Gauntlet | Killed a great orb of eyes
 15245 | Gauntlet | Slain by a sixfirhy

Illustrated notes

Levels and vault maps discovered:
D:1:      tarquinn_simple_flora_water_e, layout_loops_ring
D:2:      layout_loops_ring, lemuel_round_altar, yredelemnul_altar_generic,
          cheibrodos_gnoll_hut
D:3:      layout_loops_ring, lemuel_doored_altar, led_xom_imps,
          makhleb_blood_cavern_becter, fiery_altar_vehumet,
          amethyst_overflow_temple_binary, chequers_garden, minmay_quantized,
          uniq_crazy_yiuf_cottage, uniq_sigmund
D:4:      layout_basic, uniq_pikel, uniq_robin
D:5:      layout_basic, elyvilon_altar_5, lemuel_round_altar,
          nicolae_gozag_cash_rules_everything_around_me, uniq_menkaure,
          uniq_grinder
D:6:      layout_basic, temple_fountains
D:7:      layout_basic, gammafunk_ghost_arena, minivault_19
D:8:      layout_rooms, david_lair_generic, st_stairs_8, minmay_lizard_king
Temple:   chequers_temple_sunken
Lair:1:   layout_gridlike, uniq_gastronok
Lair:2:   layout_hall_layers, gammafunk_ghost_hydra_chop, lemuel_fruit_fields
Lair:3:   layout_cave_pods, swamp_mist, spider_nest_entry_funnel_web,
          gauntlet_entry_generic
Gauntlet: gammafunk_gauntlet_shortcut [gammafunk_gauntlet_arena_hedges,
          minmay_gauntlet_arena_make_your_own_arena,
          gammafunk_gauntlet_arena_mazey, nicolae_gauntlet_swirl,
          gammafunk_gauntlet_arena_spirals, gammafunk_gauntlet_arena_crates,
          gauntlet_exit_green]

Skill      XL: |  1  2  3  4  5  6  7  8  9 10 11 |
---------------+----------------------------------+-----
Fighting       | 1 2 3 4 |  4.0
Maces & Flails | 1 2 3 5 7 10 11 | 11.2
Spellcasting   | 3 4 5 7 9 10 | 10.3
Conjurations   | 5 7 8 |  8.5
Shields        | 4 |  4.4
Hexes          | 4 |  4.7
Evocations     | 2 |  2.8
Fire Magic     | 1 |  1.3
Dodging        | |  1.7
Stealth        | |  1.7

Action                   |  1- 3 |  4- 6 |  7- 9 | 10-12 || total
-------------------------+-------+-------+-------+-------++-------
Melee: Dagger            |     2 |       |       |       ||     2
       Morningstar       |       |    28 |    47 |       ||    75
       Tailslap          |       |     1 |     7 |    17 ||    25
       Whip              |       |       |    90 |   165 ||   255
Throw: Stone             |       |     3 |       |       ||     3
 Cast: Magic Dart        |    63 |    38 |    40 |    32 ||   173
       Searing Ray       |     1 |    16 |    47 |    48 ||   112
       Fulminant Prism   |       |       |       |    19 ||    19
       Sticky Flame      |       |       |       |     3 ||     3
       Iskenderun's Myst |       |       |       |     2 ||     2
Invok: Curse Item        |       |       |       |     2 ||     2
 Abil: Breathe Lightning |       |       |     6 |     7 ||    13
  Use: Potion            |       |       |     1 |     3 ||     4
       Scroll            |       |       |    12 |     2 ||    14
 Stab: Sleeping          |       |       |     1 |       ||     1
Armor: Skin              |     3 |    19 |    76 |    47 ||   145
Dodge: Dodged            |     6 |    34 |   120 |    89 ||   249
Block: Buckler           |       |       |    43 |    33 ||    76

Table legend: (Time is in decaauts)
 A = Elapsed time spent in this place.
 B = Non-inter-level travel time spent in this place.
 C = Inter-level travel time spent in this place.
 D = Time resting spent in this place.
 E = Time spent auto-exploring this place.
 F = Levels seen in this place.
 G = Mean time per level.
                   A        B        C        D        E       F      G
               +--------+--------+--------+--------+--------+-----+--------+
         Total |  15229 |  14563 |    666 |    568 |  11736 |  13 | 1171.5 |
       Dungeon |  11347 |  10917 |    430 |    458 |   8906 |   8 | 1418.4 |
        Temple |    314 |    276 |     38 |      0 |    273 |   1 |  314.0 |
          Lair |   3055 |   2858 |    197 |    110 |   2122 |   3 | 1018.3 |
      Gauntlet |    512 |    512 |      0 |      0 |    434 |   1 |  512.0 |
               +--------+--------+--------+--------+--------+-----+--------+

Top non-repeatable levels by time:
     D:8: 2217 daAuts
     D:3: 2008 daAuts
  Lair:1: 1634 daAuts
     D:4: 1621 daAuts
     D:7: 1615 daAuts
  Lair:2: 1279 daAuts
     D:2: 1189 daAuts
     D:5: 973 daAuts
     D:1: 924 daAuts
     D:6: 798 daAuts
Gauntlet: 512 daAuts
  Temple: 314 daAuts
  Lair:3: 141 daAuts
